 Dungeon Crawl Stone Soup version 0.29.1-4-g47bece8355 (webtiles) character file.

Game seed: 4953439381221333002

71 KittyFluff the Cudgeller (level 4, -1/29 HPs)
             Began as a Gargoyle Berserker on Dec 1, 2022.
             Was a Believer of Trog.
             Killed from afar by a white imp (4 damage)
             ... with a puff of frost
             ... summoned by Natasha
             ... on level 3 of the Dungeon.
             The game lasted 00:10:37 (2325 turns).

KittyFluff the Cudgeller (Gargoyle Berserker)       Turns: 2325, Time: 00:10:37

Health: -1/29      AC:  8    Str: 20    XL:     4   Next: 24%
Magic:  4/4        EV: 11    Int:  8    God:    Trog [**....]
Gold:   155        SH:  0    Dex: 11    Spells: 3/3 levels left

rFire   . . .      SeeInvis .   a - +0 mace
rCold   . . .      Faith    .   (no shield)
rNeg    + . .      Spirit   .   j - +0 leather armour
rPois   ∞          Reflect  .   (no helmet)
rElec   +          Harm     .   (no cloak)
rCorr   .          Rampage  .   i - +0 pair of gloves
Will    .....                   (no boots)
Stlth   +.........              (no amulet)
HPRegen 0.09/turn               (no ring)
MPRegen 0.09/turn               (no ring)

@: no status effects
A: sickness immunity, AC +3, negative energy resistance 1, electricity
resistance, torment resistance 1, petrification resistance, wild magic 1
a: Renounce Religion, Berserk, Trog's Hand


You were on level 3 of the Dungeon.
You worshipped Trog.
Trog was pleased with you.
You visited 1 branch of the dungeon, and saw 3 of its levels.

You collected 155 gold pieces.

Inventory:

Hand Weapons
 a - a +0 mace (weapon)
Missiles
 c - 19 stones (quivered)
 f - 5 boomerangs
 g - 12 poisoned darts
Armour
 i - a +0 pair of gloves (worn)
 j - a +0 leather armour (worn)
Jewellery
 d - a ring of fire
Scrolls
 b - 2 scrolls of blinking {unknown}
 m - a scroll of noise {unknown}
 q - a scroll of vulnerability {unknown}
 r - a scroll of magic mapping {unknown}
Potions
 e - a potion of invisibility
 h - a potion of flight
 k - a potion of berserk rage
 l - a potion of haste {unknown}
 n - a potion of curing {unknown}
 o - a potion of lignification {unknown}
 p - a potion of heal wounds {unknown}


   Skills:
 + Level 3.8 Fighting
 + Level 3.9 Maces & Flails
 * Level 3.0 Armour
 + Level 1.9 Dodging
 + Level 0.4 Stealth


You had 3 spell levels left.
You didn't know any spells.
Your spell library was empty.

Dungeon Overview and Level Annotations

Branches:
Dungeon (3/15)

Altars:

Shops:
D:2 (::*(

Annotations:
D:3 Natasha


Innate Abilities, Weirdness & Mutations

You are immune to sickness and miasma.
Your stone body is resilient. (AC +3)
You are immune to poison.
You resist negative energy. (rN+)
You are resistant to electric shocks. (rElec)
You are resistant to unholy torment.
You are immune to petrification.
Your spells are a little harder to cast, but a little more powerful.


Message History

You see here a dart slug corpse.
Found a leather armour.
Found a stone staircase leading down.
There is a shaft here.
Natasha, Servant of Life and Death comes into view.
Natasha hisses angrily.
There is a stone staircase leading down here.
You barely miss Natasha.
Natasha mumbles some strange words.
You barely miss Natasha.
Natasha casts a spell.
The crimson imp hits you but does no damage.
You closely miss Natasha. Natasha casts a spell at you.
The magic dart hits you.
The crimson imp hits you but does no damage.
Natasha barely misses you.
You sock Natasha!
Natasha is heavily wounded.
The crimson imp blinks!
The white imp barely misses you. Natasha claws you!
You hit Natasha.
Natasha is severely wounded.
The white imp barely misses you.
Natasha stares at you and mumbles some strange words.
The magic dart hits you.
You hit Natasha.
Natasha is severely wounded.
The white imp gestures at you. The puff of frost hits you.
Natasha claws you but does no damage.
You barely miss Natasha.
Natasha is severely wounded.
The white imp hits you.
* * * LOW HITPOINT WARNING * * *
The white imp freezes you.
* * * LOW HITPOINT WARNING * * *
Natasha closely misses you. The crimson imp hits you.
* * * LOW HITPOINT WARNING * * *
The white imp gestures at you. The puff of frost hits you.
You die...

#.###.#...........
#.# #.#.######....
#### ### #.. #.#.#
##### ...# ...
#####.#<# ##.#
###.# #...#.#.# .#
......#...#.#.# .#
#.....#...#.#.# ..
#......>5...#.# ##
#.....#@5.#.#[#
#.....#h..###.#
#...........#.#
#.#########.#.# #
#^#.##########
#.#.#......... #
##.#.#.########
#.. #....#.....#
#...##....#...#.#


You could see Natasha, a crimson imp (summoned) and a white imp (summoned).

Vanquished Creatures
  2 adders (D:2)
  A worm (D:2)
  A dart slug (D:3)
  4 orcs (D:3)
  5 ball pythons
  5 endoplasms
  2 giant cockroaches
  2 goblins (D:1)
  5 hobgoblins
  4 quokkas
  2 bats
  3 frilled lizards
  A kobold (D:2)
  3 rats (D:2)
40 creatures vanquished.

Notes
Turn   | Place    | Note
-------+----------+-------------------------------------------
     0 | D:1      | KittyFluff the Gargoyle Berserker began the quest for the
                  | Orb.
     0 | D:1      | Reached XP level 1. HP: 14/14 MP: 1/1
   147 | D:1      | Reached XP level 2. HP: 19/19 MP: 2/2
   230 | D:1      | Found a faded altar of an unknown god.
   851 | D:2      | Found Befoqief's Antique Weapon Boutique.
   918 | D:2      | Found Lak Ruva's Book Emporium.
   961 | D:2      | Reached XP level 3. HP: 22/24 MP: 3/3
  1065 | D:2      | Found Sanweog's Book Emporium.
  1217 | D:2      | Found Edupn's General Store.
  1219 | D:2      | Found Peverr's Weapon Shoppe.
  1328 | D:2      | Reached ** piety under Trog
  1762 | D:2      | Reached XP level 4. HP: 29/29 MP: 4/4
  1882 | D:2      | Gained mutation: Your spells are a little harder to cast,
                  | but a little more powerful. [potion of mutation]
  2314 | D:3      | Noticed Natasha
  2325 | D:3      | Killed from afar by a white imp

Illustrated notes

Levels and vault maps discovered:
D:1:      moated_graveyard_arrival, layout_loops_corners,
          chequers_ecumenical_altar_island
D:2:      layout_loops_cross, serial_shops, nicolae_shop_bloodbath_and_beyond,
          shop_fountains, shop, shop, shop
D:3:      layout_basic, uniq_natasha

Skill      XL: |  1  2  3  4 |
---------------+-------------+-----
Armour         | 3 |  3.0
Fighting       | |  3.8
Maces & Flails | |  3.9
Dodging        | |  1.9
Stealth        | |  0.4

Action                   |  1- 3 |  4- 6 || total
-------------------------+-------+-------++-------
Melee: Mace              |   111 |    33 ||   144
  Use: Scroll            |       |     4 ||     4
       Potion            |       |     1 ||     1
Armor: Animal skin       |    41 |     4 ||    45
       Leather armour    |       |     5 ||     5
Dodge: Dodged            |    95 |    31 ||   126
